 Dungeon Crawl Stone Soup version 0.30-a0-578-gdee14c521f (webtiles) character file.

Game seed: 7901314469601798645

67 PyroL the Insei (level 4, -3/28 HPs)
             Began as an Octopode Transmuter on Dec 31, 2022.
             Slain by an iguana (14 damage)
             ... on level 6 of the Dungeon.
             The game lasted 00:03:22 (1631 turns).

PyroL the Insei (Octopode Transmuter)               Turns: 1631, Time: 00:03:23

Health: -3/28      AC:  1    Str:  9    XL:     4   Next: 18%
Magic:  6/7        EV: 13    Int: 17    God:
Gold:   115        SH:  5    Dex: 12    Spells: 3/7 levels left

rFire   . . .      SeeInvis .      - Unarmed
rCold   . . .      Faith    .    (no shield)
rNeg    . . .      Spirit   .    (helmet currently unavailable)
rPois   .          Reflect  +    e - amulet of reflection
rElec   .          Harm     .    (no ring)
rCorr   .          Rampage  .    (no ring)
Will    .....                    (no ring)
Stlth   ++                       (no ring)
HPRegen 0.24/turn                (no ring)
MPRegen 0.10/turn                (no ring)
                                 (no ring)
                                 (no ring)

@: appendages
A: tentacle spike 3, almost no armour, amphibious, 8 rings, camouflage 1,
gelatinous body 1, (nimble swimmer 1), tentacles
a: End Transformation


You were on level 6 of the Dungeon.
One of your tentacles had grown a beastly spike.
You visited 1 branch of the dungeon, and saw 5 of its levels.

You collected 115 gold pieces.

Inventory:

Jewellery
 d - a ring of ice
 e - an amulet of reflection (around mantle)
Wands
 p - a wand of flame (14)
Scrolls
 b - a scroll of teleportation {unknown}
 c - 2 scrolls of fog {unknown}
 f - a scroll of identify {unknown}
 g - a scroll of amnesia {unknown}
 i - a scroll of blinking {unknown}
 l - a scroll of enchant armour {unknown}
Potions
 a - a potion of lignification
 h - a potion of curing {unknown}
 j - a potion of might {unknown}
 k - 3 potions of attraction {unknown}
 m - a potion of berserk rage {unknown}
 n - a potion of mutation {unknown}
 o - a potion of degeneration {unknown}


   Skills:
 - Level 1.0 Fighting
 - Level 2.0 Dodging
 - Level 3.2 Unarmed Combat
 - Level 2.0 Spellcasting
 * Level 3.2 Transmutations
 * Level 2.7 Poison Magic


You had 3 spell levels left.
You knew the following spells:

 Your Spells              Type           Power      Damage    Failure   Level
a - Beastly Appendage     Tmut           24%        N/A       5%          1
b - Spider Form           Tmut/Pois      11%        N/A       17%         3

Your spell library contained the following spells:

 Spells                   Type           Power      Damage    Failure   Level
 Wereblood                Tmut           12%        N/A       8%          2
 Ice Form                 Ice/Tmut       7%         N/A       69%         4


Dungeon Overview and Level Annotations

Branches:
Dungeon (6/15)
 Temple: D:4-7

Altars:

Shops:
D:2 (


Innate Abilities, Weirdness & Mutations

One of your tentacles has grown a beastly spike.
You cannot wear most types of armour.
You are amphibious.
You can wear up to eight rings at the same time.
Your skin changes colour to match your surroundings (Stealth+).
Your rubbery body absorbs attacks. (AC +1, EV +1)
((You are camouflaged when in or above water. (Stealth+)))
You have tentacles for arms and can constrict up to eight enemies at once.


Message History

Found a small copper ring.
There is a stone staircase leading down here.
Press: ? - help, v - describe, . - travel A rock wall.
Okay, then.
The iguana bites you!
Ouch! That really hurt!
* * * LOW HITPOINT WARNING * * *
You climb downwards.
Your tentacle spike disappears.
There is a stone staircase leading up here.
You see here an adder corpse.
You are too injured to fight recklessly!
Casting: Beastly Appendage (safe; 5% risk of failure)
Confirm with . or Enter, or press ? or * to list all spells.
One of your tentacles grows a vicious spike.
The iguana bites you.
* * * LOW HITPOINT WARNING * * *
You tentacle-slap the iguana. Your grab misses the iguana.
The iguana is lightly wounded.
You tentacle-slap the iguana. You grab the iguana.
You pierce the iguana.
The iguana is moderately wounded.
You constrict the iguana, but do no damage.
The iguana bites you.
* * * LOW HITPOINT WARNING * * *
You tentacle-slap the iguana.
The iguana is moderately wounded.
You constrict the iguana. The iguana closely misses you.
You tentacle-slap the iguana but do no damage.
You squeeze the iguana, but do no damage.
The iguana is heavily wounded.
You constrict the iguana, but do no damage.
You block the iguana's attack.
You tentacle-slap the iguana but do no damage.
Your tentacle spike misses the iguana.
The iguana is heavily wounded.
You constrict the iguana, but do no damage.
The iguana bites you!
Ouch! That really hurt!
You die...

.##
######.##...#####..
...##..........##
#. #....#####.....#
# ##..####
###.#.....
#......#####.######
####............#
.........)#######
##......# #....@.#
#...l..# #......#
########


You could see an iguana.

Vanquished Creatures
  2 adders (D:6)
  A dart slug (D:2)
  2 bats (D:1)
  6 endoplasms
  3 giant cockroaches
  6 hobgoblins
  4 kobolds
  2 quokkas
  2 ball pythons
  4 frilled lizards
  9 goblins
  2 rats (D:1)
43 creatures vanquished.

Notes
Turn   | Place    | Note
-------+----------+-------------------------------------------
     0 | D:1      | PyroL the Octopode Transmuter began the quest for the Orb.
     0 | D:1      | Reached XP level 1. HP: 13/13 MP: 3/3
    98 | D:1      | Reached skill level 1 in Poison Magic
   184 | D:1      | Reached XP level 2. HP: 18/18 MP: 3/5
   305 | D:1      | Found a faded altar of an unknown god.
   606 | D:1      | Reached XP level 3. HP: 23/23 MP: 4/6
  1081 | D:2      | Found Xoisk's Weapon Emporium.
  1551 | D:3      | You fall into a shaft and drop 3 floors!
  1565 | D:6      | Learned a level 3 spell: Spider Form
  1582 | D:6      | Reached XP level 4. HP: 28/28 MP: 5/7
  1623 | D:5      | Entered Level 5 of the Dungeon
  1623 | D:5      | Noticed an ogre
  1631 | D:6      | Slain by an iguana

Illustrated notes

Levels and vault maps discovered:
D:1:      noname_arrival_rooms_in_the_neighbourhood, layout_rooms,
          basic_ecumenical_altar
D:2:      layout_loops_ring, serial_shops, shop_fountains
D:3:      layout_loops_ring, chequers_temple_overflow_minitemple,
          lemuel_coloured_pillars_altar, roderic_batcave, minmay_misc_feat_rows,
          roderic_serpentine_path, kennysheep_path_1
D:5:      layout_basic, lemuel_tele_altar, marbit_many_paths,
          minmay_temple_entry_large_hall, minmay_pentangle, uniq_grinder
D:6:      layout_rooms, nicolae_shop_self_help, uniq_menkaure

Skill      XL: |  1  2  3 |
---------------+----------+-----
Poison Magic   | 1 2 |  2.7
Transmutations | 3 |  3.2
Fighting       | |  1.0
Dodging        | |  2.0
Unarmed Combat | |  3.2
Spellcasting   | |  2.0

Action                   |  1- 3 |  4- 6 || total
-------------------------+-------+-------++-------
Melee: Unarmed           |    83 |     8 ||    91
       Kick              |    26 |     1 ||    27
       Constrict         |    25 |     2 ||    27
       Tentacles         |    20 |     1 ||    21
       Punch             |     3 |       ||     3
 Cast: Beastly Appendage |    31 |     2 ||    33
  Use: Scroll            |     1 |       ||     1
 Stab: Sleeping          |     4 |     1 ||     5
Armor: Skin              |     6 |       ||     6
Dodge: Dodged            |    41 |     3 ||    44
Block: Other             |    13 |     1 ||    14

Table legend: (Time is in decaauts)
 A = Elapsed time spent in this place.
 B = Non-inter-level travel time spent in this place.
 C = Inter-level travel time spent in this place.
 D = Time resting spent in this place.
 E = Time spent auto-exploring this place.
 F = Levels seen in this place.
 G = Mean time per level.
                   A        B        C        D        E       F      G
               +--------+--------+--------+--------+--------+-----+--------+
         Total |   1625 |   1608 |     17 |    100 |   1167 |   5 |  325.0 |
       Dungeon |   1625 |   1608 |     17 |    100 |   1167 |   5 |  325.0 |
               +--------+--------+--------+--------+--------+-----+--------+

Top non-repeatable levels by time:
     D:2: 763 daAuts
     D:1: 761 daAuts
     D:6: 77 daAuts
     D:3: 20 daAuts
     D:5: 1 daAuts
